 Dungeon Crawl Stone Soup version 0.30-b1-2-g02819fbbbe (webtiles) character file.

Game seed: 6732520667459129487

3 redmage the Digger (level 1, 0/14 HPs)
             Began as a Meteoran Earth Elementalist on Aug 3, 2023.
             Slain by Sigmund
             ... wielding a +2 scythe of flaming
              (8 damage)
             ... on level 2 of the Dungeon.
             The game lasted 00:00:58 (62 turns).

redmage the Digger (Meteoran Earth Elementalist)      Turns: 62, Time: 00:00:58

Health: 0/14       AC:  2    Str:  9    XL:     1   Next: 71%
Magic:  4/5        EV: 12    Int: 16    God:
Gold:   15         SH:  0    Dex: 14    Spells: 4/5 levels left

rFire   . . .        (no weapon)
rCold   . . .        (no shield)
rNeg    . . .        a - +0 robe
rPois   .            (no helmet)
rElec   .            (no cloak)
rCorr   .            (no gloves)
SInv    .            (no boots)
Will    .....        (no amulet)
Stlth   +            (no ring)
HPRegen 0.22/turn    (no ring)
MPRegen 0.09/turn

%: no passive effects
@: glowing
A: sense surroundings 1, otherworldly, glowing, explore regen
a: no special abilities


You were on level 2 of the Dungeon.
You visited 1 branch of the dungeon, and saw 3 of its levels.

You collected 15 gold pieces.

Inventory:

Armour
 a - a +0 robe (worn)
Potions
 b - a potion of magic


   Skills:
 - Level 2.4 Dodging
 - Level 1.4 Stealth
 + Level 2.8 Spellcasting
 + Level 1.3 Transmutations
 * Level 3.8 Earth Magic


You had 4 spell levels left.
You knew the following spells:

 Your Spells              Type           Power      Damage    Failure   Level
a - Sandblast             Erth           28%        2d8       4%          1

Your spell library contained the following spells:

 Spells                   Type           Power      Damage    Failure   Level
 Passwall                 Tmut/Erth      8%         N/A       10%         2
 Stone Arrow              Conj/Erth      16%        3d8       26%         3
 Petrify                  Tmut/Erth      10%        N/A       54%         4


Dungeon Overview and Level Annotations

Branches:
Dungeon (3/15) Zot: 1735

Altars:

Annotations:
D:2 Sigmund


Innate Abilities, Weirdness & Mutations

You passively map a small area around you.
You are easily found by Zot.
You glow in the dark.
You regain HP and MP as you explore.


Message History

Aim: a rat (82% to hit)
The blast of sand hits the rat.
You kill the rat!
Unknown command.
Found 15 gold pieces.
You see here a +0 club.
There is a fountain of clear blue water here.
There is a stone staircase leading down here.
You can't go up here!
You can't go up here!
You climb downwards.
Magic restored.
There is a stone staircase leading up here.
You can't go down here!
You climb upwards.
There is a stone staircase leading down here.
You now have 15 gold pieces.
Sigmund the Dreaded comes into view.
He is wielding a +2 scythe of flaming and wearing a +2 robe of positive energy.
Sigmund shouts!
Sigmund casts a spell at you.
You are confused.
You're too confused to cast spells.
Sorry, you're not good enough to have a special ability.
You bump into the rock wall.
You bump into the rock wall.
Sigmund casts a spell at you. The puff of flame hits you!
Ouch! That really hurt!
You bump into the rock wall.
You feel less confused. Sigmund closely misses you.
Casting: Sandblast (safe; 4% risk of failure)
Confirm with . or Enter, or press ? or * to list all spells.
Aiming: Sandblast (safe; 4% risk of failure)
Press: ? - help, Shift-Dir - straight line, f - Sigmund
Aim: Sigmund, wielding a +2 scythe of flaming and wearing a +2 robe of positive energy (80% to hit)
The blast of sand hits Sigmund.
Sigmund is moderately wounded.
Sigmund hits you from afar with a +2 scythe of flaming!
Ouch! That really hurt!
You die...

#.########### ###############
............# #..........^..#
.#####'###.####.###########.#
, * ##.##.....).# * ,
##...##.###### * ,
##..)..########## , * ,
+...⌠...........# ,
###...####.####.# , #...# #@#
* #...#, #.# , * #.>.# #@###*
* ,#...# #...#* * ,** *#####
###.#* *,* *.# * ,* .# , *,
@# * * ** .# ,*


You could see Sigmund.

Vanquished Creatures
  A bat (D:2)
  A goblin (D:2)
  A rat (D:2)
3 creatures vanquished.

Notes
Turn   | Place    | Note
-------+----------+-------------------------------------------
     0 | D:1      | redmage the Meteoran Earth Elementalist began the quest for
                  | the Orb.
     0 | D:1      | Reached XP level 1. HP: 14/14 MP: 5/5
    54 | D:2      | Noticed Sigmund
    62 | D:2      | Slain by Sigmund

Illustrated notes

Levels and vault maps discovered:
D:1:      dpeg_arrival_tiny_j, layout_basic
D:2:      layout_loops_ring, grunt_ministairs_14, uniq_sigmund
D:3:      layout_loops_ring, yredelemnul_altar_generic,
          shapermc_ecumenical_altar_petra, nrook_loot_triangle,
          kennysheep_generic_room_11, uniq_grinder

Action                     || total
---------------------------++-------
  Melee: Unarmed           ||     1
   Cast: Sandblast         ||     4
 Armour: Robe              ||     2
  Dodge: Dodged            ||     1
